 Dungeon Crawl Stone Soup version 0.19-a0-1168-g98094fc (webtiles) character file.

529 4thArraOfDagon the Insei (level 7, -2/36 HPs)
             Began as a Vine Stalker Monk on Aug 15, 2016.
             Was a Believer of Ashenzari.
             Slain by an ogre
             ... wielding a cursed -1 giant club
              (6 damage)
             ... on level 8 of the Dungeon.
             The game lasted 00:08:14 (1423 turns).

4thArraOfDagon the Insei (Vine Stalker Monk)        Turns: 1423, Time: 00:08:14

Health: -2/36      AC:  6    Str: 14    XL:     7   Next: 23%
Magic:  0/8        EV: 13    Int: 12    God:    Ashenzari [**....]
Gold:   63         SH:  0    Dex: 16    Spells: 0 memorised, 6 levels left

rFire  + . .     SeeInvis .       - Unarmed
rCold  . . .     Gourm    .     n - +1 leather armour {rF+}
rNeg   . . .     Faith    .     (no shield)
rPois  .         Spirit   +     d - +0 helmet
rElec  .         Dismiss  .     (no cloak)
rCorr  .         Reflect  .     o - +0 pair of gloves
MR     .....     Harm     .     (no boots)
Stlth  ++........               (no amulet)
                                (no ring)
                                (no ring)

@: no status effects
A: fangs 2, regeneration 2, magic shield, antimagic bite, no device heal 3, rot
immunity
a: Curse Item, Scrying, Renounce Religion


You were on level 8 of the Dungeon.
You worshipped Ashenzari.
Ashenzari was pleased with you.
You were not hungry.

You visited 1 branch of the dungeon, and saw 8 of its levels.

You collected 111 gold pieces.
You spent 48 gold pieces at shops.

Inventory:

Armour
 a - a +0 robe
 d - a +0 helmet (worn)
 i - a +0 scale mail
 n - a +1 leather armour of fire resistance (worn)
 o - a +0 pair of gloves (worn)
Jewellery
 t - a +2 ring of intelligence
 z - an uncursed ring of ice
Wands
 s - a wand of polymorph (4/24)
 w - a wand of flame (0/48)
 y - a wand of iceblast (3/15)
 A - a wand of digging (4/24)
Scrolls
 e - 2 scrolls of remove curse
 u - a scroll of enchant armour {unknown}
 v - a scroll of teleportation {unknown}
Potions
 c - 2 potions of curing {unknown}
 g - 2 potions of haste {unknown}
 h - a potion of flight {unknown}
 j - a potion of degeneration
 k - a potion of brilliance {unknown}
 l - 4 potions of heal wounds {unknown}
 m - 2 potions of cure mutation
 p - 3 potions of cancellation
 q - a potion of lignification
 x - 2 potions of agility
Comestibles
 b - 3 bread rations
 f - 5 fruits
 r - a meat ration


   Skills:
 - Level 3.0 Fighting
 - Level 3.7 Dodging
 - Level 2.4 Stealth
 + Level 7.1 Unarmed Combat


You had 6 spell levels left.
You didn't know any spells.

Dungeon Overview and Level Annotations

Branches:
Dungeon (8/15)             Temple (0/1) D:6
   Lair: D:8-11

Altars:
Ashenzari
Makhleb
Okawaru
Trog
Vehumet

Shops:
D:6 !

Annotations:
D:3 HaroldButt's ghost, amateur CeHu
D:4 Pikel
D:6 Sigmund


Innate Abilities, Weirdness & Mutations

You have extremely sharp teeth.
You heal very quickly.
When hurt, damage is shared between your health and your magic reserves.
Your bite disrupts and absorbs the magic of your enemies.
Potions and wands cannot restore your health.
You are immune to rotting.


Message History

The ogre is severely wounded.
The ogre closely misses you.
The crimson imp hits you but does no damage.
Unknown command.
You hit the ogre.
The ogre is almost dead.
Unknown command.
Unknown command.
You barely miss the ogre.
The ogre is almost dead.
The crimson imp closely misses you. The ogre hits you with a giant club.
* * * LOW HITPOINT WARNING * * *
Unknown command.
Unknown command.
Unknown command.
You barely miss the ogre. You bite the ogre. You drain its power.
You feel invigorated.
The ogre is almost dead.
The crimson imp closely misses you. The ogre hits you with a giant club!
You die...

..# ###### , ..#######
##......... ........##
##.....##... #........##
##.........# ..........########
#.........#### ..................
.............. ............#####
##...........
..........#..########............
...............O@5...)...........
.........###..#######............
.........#*##.# .............>..
........... ......###.#..........
...........###.## #.##........>
...........,* ....###.#####.#####
..........# ###.......##<.#
,......., * * #.......#..## , , ,
, ........#.###


You could see an ogre and a crimson imp.

Vanquished Creatures
  An ogre (D:8)
  A centaur (D:8)
  A giant frog (D:7)
  2 crimson imps
  A centaur skeleton (D:4)
  2 hounds
  An orc wizard (D:3)
  Robin (D:2)
  4 adders
  A howler monkey skeleton (D:8)
  A shadow imp (D:5)
  An adder zombie (D:8)
  A worm (D:2)
  4 giant geckos
  5 orcs
  2 giant cockroaches
  14 goblins
  2 hobgoblins (D:2)
  4 kobolds
  A quokka (D:6)
  A ball python (D:3)
  A bat (D:3)
  5 giant newts
  A rat (D:1)
58 creatures vanquished.

Notes
Turn   | Place    | Note
-------+----------+-------------------------------------------
     0 | D:1      | 4thArraOfDagon the Vine Stalker Monk began the quest for the Orb.
     0 | D:1      | Reached XP level 1. HP: 11/11 MP: 2/2
    19 | D:1      | Found a shattered altar of Ashenzari.
    52 | D:1      | Became a worshipper of Ashenzari the Shackled
    52 | D:1      | Reached * piety under Ashenzari
    52 | D:1      | Reached ** piety under Ashenzari
   218 | D:1      | Reached XP level 2. HP: 16/16 MP: 3/3
   349 | D:2      | Reached XP level 3. HP: 18/20 MP: 4/4
   450 | D:2      | Noticed Robin
   492 | D:2      | Killed Robin
   620 | D:3      | Noticed HaroldButt's ghost (amateur CeHu)
   696 | D:4      | Found a bloodstained altar of Trog.
   715 | D:4      | Reached skill level 4 in Unarmed Combat
   715 | D:4      | Reached XP level 4. HP: 23/24 MP: 5/5
   731 | D:5      | Entered Level 5 of the Dungeon
   731 | D:5      | Noticed an orc warrior
   819 | D:3      | Reached XP level 5. HP: 28/28 MP: 6/6
   878 | D:4      | Noticed a slave
   885 | D:4      | Noticed a slave
   885 | D:4      | Noticed a slave
   886 | D:4      | Noticed Pikel
   887 | D:4      | Noticed a slave
   925 | D:4      | Noticed an orc warrior
   985 | D:5      | Noticed an ice beast
  1033 | D:6      | Identified the amulet of Ifewipli {Inacc rC+ MP+9 Dex-4}
  1038 | D:6      | :(
  1101 | D:5      | Noticed an ice beast
  1140 | D:6      | Found a burning altar of Makhleb.
  1141 | D:6      | Found a radiant altar of Vehumet.
  1154 | D:6      | Reached skill level 5 in Unarmed Combat
  1154 | D:6      | Gained mutation: You heal very quickly. [Vine Stalker growth]
  1154 | D:6      | Reached XP level 6. HP: 32/32 MP: 7/7
  1158 | D:6      | Found an iron altar of Okawaru.
  1162 | D:6      | Found a staircase to the Ecumenical Temple.
  1166 | D:6      | Found Malliry's Distillery.
  1174 | D:6      | Bought a potion of agility for 48 gold pieces
  1180 | D:6      | Noticed Sigmund
  1319 | D:8      | Reached skill level 6 in Unarmed Combat
  1353 | D:8      | Reached XP level 7. HP: 35/36 MP: 8/8
  1365 | D:8      | Reached skill level 7 in Unarmed Combat
  1423 | D:8      | Slain by an ogre

Vault maps used:
D:1:      scummos_arrival_hexagon, nicolae_ashenzari_panopticon
D:2:      kennysheep_slug_shrine, ecumenical_altar_2, first_bread, uniq_robin
D:4:      minitemple, lemuel_round_altar, nicolae_overflow_crystal_walls,
          serial_corexii_hall, corexii_hall_statues_deadend,
          corexii_hall_statues_l, interstate_on_off, uniq_pikel
D:5:      uniq_prince_ribbit1
D:6:      old_standard_altar, yredelemnul_forgotten_temple_becter,
          grunt_temple_overflow_lords_of_destruction, serial_shops, shop,
          kennysheep_minor_cross, uniq_sigmund
D:8:      uniq_grum

Skill      XL: |  1  2  3  4  5  6  7 |
---------------+----------------------+-----
Fighting       | 3 |  3.0
Dodging        | 3 |  3.7
Unarmed Combat | 4 5 6 7 |  7.1
Stealth        | |  2.4

Action                   |  1- 3 |  4- 6 |  7- 9 || total
-------------------------+-------+-------+-------++-------
Melee: Unarmed           |    94 |   108 |    16 ||   218
       Bite              |    24 |    35 |     8 ||    67
       Punch             |       |     3 |       ||     3
  Use: Scroll            |     4 |     4 |       ||     8
       Potion            |     1 |       |       ||     1
 Stab: Sleeping          |     1 |     3 |       ||     4
  Eat: Chunk             |       |     2 |       ||     2
Armor: Robe              |     2 |       |       ||     2
       Scale mail        |    15 |       |       ||    15
       Leather armour    |    15 |    29 |     4 ||    48
       Skin              |    15 |       |       ||    15
Dodge: Dodged            |    41 |    76 |     8 ||   125
